 Dungeon Crawl Stone Soup version 0.19.4-9-g45fd643 (webtiles) character file.

417 Mesmaeker13 the Firebug (level 6, -7/32 HPs)
             Began as a Gargoyle Fire Elementalist on Feb 21, 2017.
             Mangled by an ogre
             ... wielding a +0 giant club
              (22 damage)
             ... on level 5 of the Dungeon.
             The game lasted 00:09:23 (3448 turns).

Mesmaeker13 the Firebug (GrFE)                      Turns: 3448, Time: 00:09:24

Health: -7/32      AC:  6    Str: 11    XL:     6   Next: 92%
Magic:  7/12       EV: 12    Int: 18    God:
Gold:   190        SH:  0    Dex: 10    Spells: 3 memorised, 7 levels left

rFire  . . .     SeeInvis .     j - +2 dagger (drain)
rCold  . . .     Gourm    .     a - +0 robe
rNeg   + . .     Faith    .     (no shield)
rPois  ∞         Spirit   .     (no helmet)
rElec  +         Reflect  .     (no cloak)
rCorr  .         Harm     .     (no gloves)
MR     .....                    (no boots)
Stlth  ++........               (no amulet)
                                (no ring)
                                n - ring of poison resistance

@: no status effects
A: negative energy resistance 1, electricity resistance, unbreathing,
petrification resistance, rot immunity, AC +4
a: no special abilities


You were on level 5 of the Dungeon.
You were not hungry.

You visited 1 branch of the dungeon, and saw 5 of its levels.

You collected 190 gold pieces.

Inventory:

Hand Weapons
 j - a +2 dagger of draining (weapon)
Armour
 a - a +0 robe (worn)
Jewellery
 n - a ring of poison resistance (left hand)
 y - an uncursed ring of positive energy {unknown}
Scrolls
 d - a scroll of magic mapping {unknown}
 g - a scroll of teleportation {unknown}
 h - a scroll of remove curse
 i - a scroll of noise {unknown}
 k - a scroll of fog {unknown}
 l - a scroll of recharging
 p - a scroll of identify {unknown}
 q - a scroll of immolation
 r - a scroll of fear {unknown}
 w - a scroll of blinking {unknown}
Potions
 e - a potion of magic {unknown}
 m - a potion of brilliance {unknown}
 o - a potion of degeneration {unknown}
 z - 2 potions of curing {unknown}
 A - 2 potions of might {unknown}
Books
 b - a book of Flames

   Spells                             Type                      Level
   a - Flame Tongue                   Conjuration/Fire             1
   b - Throw Flame                    Conjuration/Fire             2
   c - Conjure Flame                  Conjuration/Fire             3
   d - Inner Flame                    Hexes/Fire                   3
   e - Sticky Flame                   Conjuration/Fire             4
   f - Fireball                       Conjuration/Fire             5
 u - a book of Maledictions

   Spells                             Type                      Level
   a - Corona                         Hexes                        1
   b - Ensorcelled Hibernation        Hexes/Ice                    2
   c - Confuse                        Hexes                        3
   d - Tukima's Dance                 Hexes                        3
   e - Dazzling Spray                 Conjuration/Hexes            3
 x - a book of Misfortune

   Spells                             Type                      Level
   a - Confusing Touch                Hexes                        1
   b - Confuse                        Hexes                        3
   c - Gell's Gravitas                Hexes/Translocation          3
   d - Petrify                        Transmutation/Earth          4
   e - Metabolic Englaciation         Hexes/Ice                    5
   f - Yara's Violent Unravelling     Hexes/Transmutation          5
Comestibles
 c - 3 bread rations
 s - a royal jelly
 t - a beef jerky
 v - 3 fruits


   Skills:
 + Level 1.5 Dodging
 - Level 2.1 Stealth
 - Level 4.0 Spellcasting
 + Level 4.2 Conjurations
 + Level 5.0 Fire Magic


You had 7 spell levels left.
You knew the following spells:

 Your Spells              Type           Power        Failure   Level  Hunger
a - Flame Tongue          Conj/Fire      ###..        1%          1    None
b - Throw Flame           Conj/Fire      ###...       3%          2    ##.....
c - Conjure Flame         Conj/Fire      ###.....     10%         3    ###....


Dungeon Overview and Level Annotations

Branches:
Dungeon (5/15)
 Temple: D:4-7

Altars:
Elyvilon
Trog
Yredelemnul


Innate Abilities, Weirdness & Mutations

You are resistant to torment.
Your stone body is resilient. (AC +4)
You are immune to poison.
You resist negative energy. (rN+)
You are resistant to electric shocks. (rElec)
You can survive without breathing.
You are immune to petrification.
You are immune to rotting.


Message History

The flame tongue hits the ogre.
The ogre is lightly wounded.
Casting: Flame Tongue
Confirm with . or Enter, or press ? or * to list all spells.
Aiming: Flame Tongue
Press: ? - help, Shift-Dir - straight line, f/p - ogre
Aim: an ogre, wielding a giant club (lightly wounded)
The flame tongue hits the ogre.
The ogre is moderately wounded.
The ogre hits you with a giant club!
Casting: Flame Tongue
Confirm with . or Enter, or press ? or * to list all spells.
Aiming: Flame Tongue
Press: ? - help, Shift-Dir - straight line, f/p - ogre
Aim: an ogre, wielding a giant club (moderately wounded)
The flame tongue hits the ogre.
The ogre is severely wounded.
The ogre hits you with a giant club!!
Ouch! That really hurt!
You die...

### #.#...
........
#.......
#######..#..#
#.....#..#..###
#..%..%........
#>@O...........
#####........#
#######.##....
##.#.#.#.#.#.#.
#.#.#.#†#.#
##.#.#'#.#.#
#.#.#...#.#.#
#.#....+#.#.#
#.....# #.#.#


You could see an ogre.

Vanquished Creatures
  A scorpion (D:5)
  The ghost of Feta the Firebug, a weakling TeFE of Sif Muna (D:3)
  3 worker ants
  A hound skeleton (D:4)
  9 adders
  3 gnolls
  2 oozes
  4 worms
  4 dart slugs
  4 leopard geckos
  6 orcs
  2 bats
  5 giant cockroaches
  9 goblins
  8 hobgoblins
  16 jackals
  3 quokkas
  4 ball pythons
  2 frilled lizards (D:3)
  10 kobolds
  8 rats
105 creatures vanquished.

Vanquished Creatures (others)
  Duvessa (D:5)
  Dowan (D:5)
2 creatures vanquished.

Grand Total: 107 creatures vanquished

Notes
Turn   | Place    | Note
-------+----------+-------------------------------------------
     0 | D:1      | Mesmaeker13 the Gargoyle Fire Elementalist began the quest for the Orb.
     0 | D:1      | Reached XP level 1. HP: 10/10 MP: 3/3
   112 | D:1      | Reached XP level 2. HP: 9/15 MP: 0/5
   496 | D:1      | Reached XP level 3. HP: 13/19 MP: 3/6
   734 | D:2      | Learned a level 2 spell: Throw Flame
   937 | D:2      | Reached XP level 4. HP: 24/24 MP: 4/7
  1323 | D:2      | Reached skill level 4 in Fire Magic
  1514 | D:2      | Reached XP level 5. HP: 28/28 MP: 6/9
  1689 | D:2      | Found a bloodstained altar of Trog.
  1791 | D:3      | Learned a level 3 spell: Conjure Flame
  2029 | D:3      | Noticed Feta's ghost (weakling TeFE)
  2229 | D:3      | Killed Feta's ghost
  2229 | D:3      | Reached XP level 6. HP: 23/32 MP: 7/11
  3136 | D:4      | Found a basalt altar of Yredelemnul.
  3239 | D:4      | Found a white marble altar of Elyvilon.
  3319 | D:5      | Entered Level 5 of the Dungeon
  3321 | D:5      | Killed Dowan
  3322 | D:5      | Killed Duvessa
  3346 | D:5      | Reached skill level 5 in Fire Magic
  3448 | D:5      | Mangled by an ogre

Skill      XL: |  1  2  3  4  5  6 |
---------------+-------------------+-----
Conjurations   | 2 3 4 |  4.2
Fire Magic     | 4 5 |  5.0
Spellcasting   | 3 4 |  4.0
Dodging        | |  1.5
Stealth        | |  2.1

Action                   |  1- 3 |  4- 6 || total
-------------------------+-------+-------++-------
Melee: Short sword       |    26 |       ||    26
       Unarmed           |     5 |       ||     5
       Dagger            |    10 |   243 ||   253
 Cast: Flame Tongue      |    24 |    75 ||    99
       Throw Flame       |       |     7 ||     7
  Use: Scroll            |       |     3 ||     3
 Stab: Sleeping          |     1 |     8 ||     9
  Eat: Chunk             |       |     9 ||     9
Armor: Robe              |    15 |    92 ||   107
Dodge: Dodged            |    34 |   158 ||   192
